 Dungeon Crawl Stone Soup version 0.26-a0-663-g36e8fdb655 (webtiles) character file.

Game seed: 8120346513164007973

54456 PentaManta the Spry (level 14, -12/77 HPs)
             Began as a Spriggan Brigand on Oct 12, 2020.
             Was a High Priest of Nemelex Xobeh.
             Mangled by a boulder beetle (32 damage)
             ... on level 6 of the Lair of Beasts.
             The game lasted 01:29:28 (26844 turns).

PentaManta the Spry (Spriggan Brigand)             Turns: 26844, Time: 01:29:28

Health: -12/77     AC:  2    Str:  7    XL:     14   Next: 34%
Magic:  21/21      EV: 35    Int: 13    God:    Nemelex Xobeh [*****.]
Gold:   1106       SH:  9    Dex: 22    Spells: 11/13 levels left

rFire    + . .     SeeInvis +   V - +2 short sword (venom)
rCold    . . .     Faith    .   G - +0 buckler
rNeg     + . .     Spirit   .   b - +0 robe {rN+}
rPois    .         Reflect  .   (helmet restricted)
rElec    .         Harm     .   j - scarf {shadows}
rCorr    +         Rampage  .   (gloves unavailable)
MR       ++...                  (boots unavailable)
Stlth    ++++++....             f - amulet of regeneration
HPRegen  0.62/turn              H - ring of protection from fire
MPRegen  0.17/turn              s - ring of resist corrosion

@: studying Fighting, very quick
A: very small, unfitting armour, see invisible, speed 3
a: Draw Escape, Draw Destruction, Draw Summoning, Triple Draw, Deal Four, Stack
Five, Renounce Religion


You were on level 6 of the Lair of Beasts.
You worshipped Nemelex Xobeh.
Nemelex Xobeh was extremely pleased with you.
You visited 3 branches of the dungeon, and saw 21 of its levels.
You also visited: Volcano.

You collected 1459 gold pieces.
You spent 353 gold pieces at shops.

Inventory:

Hand Weapons
 d - a +1 whip of electrocution
 i - a +1 hunting sling
 o - the +6 rapier of Enwadi {freeze, rPois MP+9}
   (You found it on level 3 of the Lair of Beasts)

   It has been specially enchanted to freeze those struck by it, causing extra
   injury to most foes and up to half again as much damage against particularly
   susceptible opponents.
   It can also slow down cold-blooded creatures.
   It protects you from poison.
   It affects your magic capacity (+9).
 B - a +0 short sword of holy wrath
 D - the +8 dagger of Infinite Pain {drain, rN+ MR+++ Int+2 Dex-3}
   (You found it on level 5 of the Dungeon)

   A truly terrible weapon, it drains the life of those it strikes.
   It affects your intelligence (+2).
   It affects your dexterity (-3).
   It protects you from negative energy.
   It affects your resistance to hostile enchantments.
 V - a +2 short sword of venom (weapon)
 Z - a +5 dagger
Missiles
 e - 52 poisoned darts
 t - 2 curare-tipped darts
 w - 479 stones (quivered)
 z - 3 throwing nets
 S - 2 atropa-tipped darts
 Y - 26 sling bullets
Armour
 b - a +0 robe of positive energy (worn)
 c - a +1 cloak
 j - a scarf of shadows (worn)
 G - a +0 buckler (worn)
Jewellery
 f - an amulet of regeneration (around neck)
 s - a ring of resist corrosion (right hand)
 y - an uncursed ring of ice
 H - a ring of protection from fire (left hand)
 R - an uncursed amulet of the acrobat
Wands
 g - a wand of acid (13)
 q - a wand of polymorph (4)
 u - a wand of digging (5)
 v - a wand of paralysis (10)
 N - a wand of disintegration (31)
 O - a wand of iceblast (15)
Scrolls
 h - 11 scrolls of remove curse
 l - a scroll of blinking
 m - a scroll of identify
 n - 3 scrolls of fog
 F - 4 scrolls of teleportation
 Q - 2 scrolls of fear
 X - 2 scrolls of enchant weapon
Potions
 a - 2 potions of resistance {unknown}
 k - a potion of ambrosia
 p - 4 potions of stabbing
 r - 4 potions of mutation
 x - 3 potions of might
 A - 3 potions of curing
 E - 4 potions of lignification
 I - 4 potions of flight
 J - 2 potions of invisibility
 K - a potion of cancellation
 T - 3 potions of heal wounds
 U - 5 potions of haste
Books
 M - a manual of Fighting


   Skills:
 + Level 10.7 Fighting
 + Level 10.8 Short Blades
 - Level 11.8(12.0) Slings
 - Level 2.0(6.7) Throwing
 + Level 17.1 Dodging
 + Level 12.9 Stealth
 - Level 7.2 Shields
 + Level 8.2 Invocations


You had 11 spell levels left.
You knew the following spells:

 Your Spells              Type           Power        Failure   Level
a - Blink                 Tloc           N/A          43%         2

Your spell library contained the following spells:

 Spells                   Type           Power        Failure   Level
 Animate Skeleton         Necr           #.....       30%         1
 Corona                   Hex            #......      30%         1
 Magic Dart               Conj           #...         30%         1
 Pain                     Necr           #...         30%         1
 Summon Small Mammal      Summ           #...         30%         1
 Call Imp                 Summ           #.......     43%         2
 Searing Ray              Conj           #.....       43%         2
 Slow                     Hex            #.......     43%         2
 Call Canine Familiar     Summ           #.......     67%         3
 Conjure Flame            Conj/Fire      #.......     67%         3
 Dazzling Flash           Conj/Hex       #.....       67%         3
 Inner Flame              Hex/Fire       #.......     67%         3
 Mephitic Cloud           Conj/Pois/Air  #.......     67%         3
 Portal Projectile        Hex/Tloc       #.....       67%         3
 Summon Guardian Golem    Hex/Summ       #.......     67%         3
 Vampiric Draining        Necr           #.........   67%         3
 Animate Dead             Necr           #.........   97%         4
 Cause Fear               Hex            #.........   97%         4
 Fulminant Prism          Conj/Hex       #.........   97%         4
 Iskenderun's Mystic Bla  Conj/Tloc      #.......     97%         4
 Leda's Liquefaction      Hex/Erth       #.........   97%         4
 Summon Ice Beast         Ice/Summ       #.......     97%         4
 Summon Lightning Spire   Summ/Air       #.......     97%         4
 Agony                    Necr           #.......     100%        5


Dungeon Overview and Level Annotations

Branches:
Dungeon (14/15)            Temple (1/1) D:6            Lair (6/6) D:8
  Swamp (0/4) Lair:4        Snake (0/4) Lair:2          Orc (0/2) D:12
Volcano (visited)
  Slime: Lair:5-6    Vaults: D:13-14

Altars:
Ashenzari
Cheibriados
Dithmenos
Elyvilon
Fedhas
Gozag
Hepliaklqana
Kikubaaqudgha
Makhleb
Nemelex Xobeh
Okawaru
Qazlal
Ru
Sif Muna
Trog
Uskayaw
Vehumet
Wu Jian
Xom
Yredelemnul
Zin
The Shining One

Shops:
D:4 [   D:5 !   D:7 !?[

Annotations:
D:9 exclusion: blizzard demon
D:11 1 runed translucent door, dmitrys's ghost, journeyman DrTm
D:13 2 transporters, Veamisat's ghost, journeyman MiBe


Innate Abilities, Weirdness & Mutations

You are very small and have problems with some larger weapons.
You are too small for most types of armour.
You have supernaturally acute eyesight. (SInv)
You cover ground extremely quickly.


Message History

You hit the adder.
You kill the adder!
You see here an adder corpse.
You see here a long sword.
There is a stone staircase leading down here.
You climb downwards.
There is a stone staircase leading up here.
The boulder beetle curls into a ball and begins rolling!
A boulder beetle is nearby!
The boulder beetle hits you!!!
Ouch! That really hurt!
* * * LOW HITPOINT WARNING * * *
The boulder beetle stops rolling and uncurls.
You are too injured to fight recklessly!
You hit the boulder beetle but do no damage.
The boulder beetle looks as sick as possible!
The boulder beetle is heavily wounded.
The boulder beetle bites you!!
You die...
Your body glows with a rainbow of weird colours and disappears.

######.## # #..##...##
#.#...#.### #........
.......... ##........
....°..#.#####.(.......
....°#......##.........
....°P.................
.....B.................
......@.........!......
..#.#.#.#<#.#.#.#.#.#.#
......................
.#.#.#†#.#.#.#.#.#.#.#
..................$...
..#.#.#.#.#.#.#.#.#.#.#
.......................
......$............
...............≈≈.


You could see a boulder beetle (extremely poisoned).

Vanquished Creatures
  A ghost moth (Lair:1)
  A fire dragon (Lair:3)
  Josephine (Lair:4)
  4 boulder beetles
  A vault guard (D:13)
  5 hydras
  The ghost of zordking the Insei, a journeyman OpTm of Gozag (D:10)
  5 two-headed ogres
  Nergalle (Lair:3)
  A lindwurm (Lair:6)
  Pikel (D:2)
  A wolf spider zombie (D:13)
  A cyclops (D:13)
  2 wolf spiders (D:12)
  4 black mambas
  An elephant (D:8)
  Psyche (D:9)
  5 cane toads
  3 gargoyles
  5 komodo dragons
  An efreet (Volcano)
  2 rime drakes (Lair:5)
  5 trolls
  5 polar bears
  2 hornets
  23 blink frogs
  2 slime creatures (D:12)
  A centaur simulacrum (D:10)
  A vampire (D:7)
  2 humans (D:13)
  2 shadows (D:11)
  8 wraiths
  A hog (Lair:1)
  67 yaks
  3 basilisks
  A wyvern (Lair:2)
  A fire elemental (Volcano)
  A steam dragon (D:12)
  2 insubstantial wisps (D:12)
  2 nagas (Lair:2)
  3 acid dragons
  11 water moccasins
  5 orc warriors
  6 sky beasts
  3 black bears
  6 ice beasts
  2 hornet zombies
  3 phantoms
  20 wolves
  7 ogres
  7 centaurs
  2 big kobolds
  A gnoll sergeant (D:8)
  19 bullfrogs
  5 scorpions
  8 killer bees
  2 vampire bats (D:8)
  11 wights
  6 howler monkeys
  3 electric eels
  2 bullfrog zombies (D:8)
  2 jellies
  A quasit (D:10)
  An iron imp (D:8)
  6 orc priests
  6 hounds
  4 bullfrog skeletons
  14 worker ants
  4 iguanas
  5 orc wizards
  2 worker ant zombies
  4 gnolls (D:8)
  15 adders
  A hound simulacrum (D:10)
  2 shadow imps
  5 white imps
  A worker ant simulacrum (D:10)
  6 ufetubi
  An ooze (D:2)
  An adder skeleton (D:5)
  A dart slug (D:1)
  3 worms
  4 leopard geckos
  45 orcs
  3 bat skeletons (D:8)
  4 bat zombies (D:8)
  3 giant cockroaches
  5 goblins
  6 hobgoblins
  8 jackals
  2 quokkas
  A ball python (D:1)
  A ball python skeleton (D:4)
  6 bats
  2 frilled lizards
  18 kobolds
  2 leopard gecko zombies (D:7)
  A quokka skeleton (D:4)
  6 rats
  A bush (Lair:3)
  A butterfly (Lair:3)
513 creatures vanquished.

Vanquished Creatures (collateral kills)
  Harold (Lair:1)
  A yak (Lair:1)
2 creatures vanquished.

Vanquished Creatures (others)
  A vampire (D:13)
  A human (D:13)
  24 fungi
  50 plants
  2 withered plants (D:11)
78 creatures vanquished.

Grand Total: 593 creatures vanquished

Notes
Turn   | Place    | Note
-------+----------+-------------------------------------------
     0 | D:1      | PentaManta the Spriggan Brigand began the quest for the
                  | Orb.
     0 | D:1      | Reached XP level 1. HP: 10/10 MP: 2/2
    88 | D:1      | Reached skill level 2 in Dodging
   100 | D:1      | Reached XP level 2. HP: 8/14 MP: 3/3
  1250 | D:1      | Reached XP level 3. HP: 17/18 MP: 4/4
  1736 | D:2      | Reached skill level 3 in Dodging
  2594 | D:4      | Noticed a lemure
  2596 | D:4      | Noticed a lemure
  2597 | D:4      | Noticed Pikel
  2597 | D:4      | Noticed a lemure
  2598 | D:4      | Noticed a lemure
  2647 | D:2      | Killed Pikel
  2647 | D:2      | Reached skill level 5 in Short Blades
  2647 | D:2      | Reached skill level 7 in Dodging
  2647 | D:2      | Reached XP level 4. HP: 22/22 MP: 5/5
  2647 | D:2      | Reached XP level 5. HP: 25/25 MP: 6/6
  2647 | D:2      | Reached XP level 6. HP: 30/30 MP: 7/7
  2647 | D:2      | Reached XP level 7. HP: 33/33 MP: 8/8
  2841 | D:3      | Found a glowing golden altar of the Shining One.
  4676 | D:4      | Reached skill level 8 in Dodging
  4736 | D:4      | Found Hituwunn's Armour Emporium.
  4945 | D:4      | Found a glowing silver altar of Zin.
  5092 | D:5      | Entered Level 5 of the Dungeon
  5187 | D:5      | Reached skill level 9 in Dodging
  5336 | D:5      | Got a scorched dagger
  5337 | D:5      | Identified the +8 dagger of Infinite Pain {drain, rN+ MR+++
                  | Int+2 Dex-3} (You found it on level 5 of the Dungeon)
  5379 | D:5      | Reached XP level 8. HP: 9/37 MP: 9/9
  5912 | D:5      | Reached skill level 10 in Dodging
  6249 | D:5      | Found Leshaegg's Distillery.
  6260 | D:5      | Bought a potion of curing for 39 gold pieces
  6260 | D:5      | Bought a potion of curing for 39 gold pieces
  6260 | D:5      | Bought a potion of invisibility for 104 gold pieces
  6260 | D:5      | Bought a potion of curing for 39 gold pieces
  6444 | D:6      | Reached skill level 11 in Dodging
  6700 | D:6      | Reached XP level 9. HP: 27/41 MP: 10/10
  7130 | D:6      | Reached skill level 12 in Dodging
  7165 | D:6      | Found a staircase to the Ecumenical Temple.
  7177 | Temple   | Entered the Ecumenical Temple
  7544 | Temple   | Became a worshipper of Nemelex Xobeh the Trickster
  7849 | D:7      | Found Nupupt's Armour Boutique.
  7897 | D:7      | Reached skill level 10 in Short Blades
  7926 | D:7      | Reached skill level 13 in Dodging
  8042 | D:7      | Found Fuam's Magic Scroll Emporium.
  8051 | D:7      | Bought a scroll of teleportation for 39 gold pieces
  8051 | D:7      | Bought a scroll of teleportation for 39 gold pieces
  8347 | D:7      | Found Girihe's Distillery.
  8442 | D:7      | Reached * piety under Nemelex Xobeh
  8449 | D:7      | Found a white marble altar of Elyvilon.
  8452 | D:7      | Found a bloodstained altar of Trog.
  8473 | D:7      | Reached skill level 1 in Slings
  8473 | D:7      | Reached skill level 1 in Invocations
  8657 | D:7      | Found a shimmering blue altar of Sif Muna.
  8671 | D:7      | Found a stormy altar of Qazlal.
  8920 | D:7      | Reached skill level 14 in Dodging
  8920 | D:7      | Reached XP level 10. HP: 43/46 MP: 12/12
  9218 | D:7      | Bought a +0 buckler for 54 gold pieces
  9587 | D:8      | Found the +5 scythe "Finisher" {speed, eviscerate}
  9640 | D:8      | Found a staircase to the Lair.
  9640 | D:8      | Noticed an elephant
  9677 | D:8      | Reached skill level 1 in Shields
  9699 | D:8      | Killed an elephant
  9960 | D:8      | Received a gift from Nemelex Xobeh
  9979 | D:8      | Reached skill level 5 in Slings
 10072 | D:8      | Found an ancient bone altar of Kikubaaqudgha.
 10218 | D:8      | Noticed a boulder beetle
 10525 | D:8      | Found a basalt altar of Yredelemnul.
 10634 | D:8      | Killed a boulder beetle
 10725 | D:8      | Found a snail-covered altar of Cheibriados.
 10828 | D:7      | Found a burning altar of Makhleb.
 10834 | D:7      | Identified a scroll of acquirement
 10834 | D:7      | Acquired a manual of Fighting
 10919 | D:9      | Noticed Psyche
 10929 | D:9      | Killed Psyche
 11054 | D:9      | Found a radiant altar of Vehumet.
 11054 | D:9      | Found a hide-covered altar of Uskayaw.
 11260 | D:9      | Reached XP level 11. HP: 44/52 MP: 15/15
 11322 | D:9      | Found an opulent altar of Gozag.
 11332 | D:9      | Reached ** piety under Nemelex Xobeh
 11410 | D:9      | Received a gift from Nemelex Xobeh
 11430 | D:9      | Found a burning altar of Makhleb.
 11432 | D:9      | Noticed a blizzard demon
 11637 | D:10     | Entered Level 10 of the Dungeon
 11768 | D:10     | Paralysed by a hornet for 1 turns
 11784 | D:10     | Reached skill level 5 in Invocations
 12706 | D:10     | Found a runed translucent gate.
 12707 | D:10     | Found a runed translucent gate.
 12708 | D:10     | Found a runed translucent gate.
 12709 | D:10     | Noticed zordking's ghost (journeyman OpTm)
 12740 | D:10     | Learned a level 2 spell: Blink
 13051 | D:10     | Reached skill level 15 in Dodging
 13390 | D:10     | Received a gift from Nemelex Xobeh
 13536 | D:10     | Killed zordking's ghost
 13867 | D:11     | Noticed a boulder beetle
 13873 | D:11     | Killed a boulder beetle
 13873 | D:11     | Reached skill level 5 in Fighting
 14086 | D:11     | Noticed dmitrys's ghost (journeyman DrTm)
 14087 | D:11     | Found a runed translucent door.
 14363 | D:11     | Noticed a five-headed hydra
 14371 | D:11     | Noticed a boulder beetle
 14371 | D:11     | a five-headed hydra changed into a boulder beetle
 14408 | D:11     | Killed a boulder beetle
 14408 | D:11     | Reached skill level 10 in Stealth
 14511 | D:11     | Reached XP level 12. HP: 35/61 MP: 17/17
 14515 | D:11     | Reached *** piety under Nemelex Xobeh
 14758 | D:11     | Noticed a two-headed ogre
 14763 | D:11     | Killed a two-headed ogre
 14880 | D:12     | Noticed a two-headed ogre
 15206 | D:12     | Noticed a two-headed ogre
 15210 | D:12     | Killed a two-headed ogre
 15353 | D:12     | Received a gift from Nemelex Xobeh
 15383 | D:13     | Found a transporter.
 15684 | D:12     | Found a staircase to the Orcish Mines.
 15719 | D:12     | Killed a two-headed ogre
 16286 | D:12     | Noticed a two-headed ogre
 16286 | D:12     | a slime creature changed into a two-headed ogre
 16331 | D:12     | Killed a two-headed ogre
 16678 | D:12     | Reached skill level 5 in Shields
 16882 | D:12     | Noticed a two-headed ogre
 16883 | D:12     | Received a gift from Nemelex Xobeh
 16886 | D:12     | Killed a two-headed ogre
 17315 | D:13     | Reached skill level 16 in Dodging
 17620 | D:13     | Noticed a two-headed ogre
 17630 | D:13     | Identified the +1 battleaxe of Xezad {vorpal, rElec rPois
                  | Dex-5 Stlth+}
 17641 | D:13     | Noticed Veamisat's ghost (journeyman MiBe)
 17657 | D:13     | Found a transporter.
 18002 | D:13     | Noticed a vault guard
 18037 | D:13     | Noticed a vault guard
 18061 | D:13     | Killed a vault guard
 18061 | D:13     | Reached skill level 10 in Slings
 18243 | Lair:1   | Entered Level 1 of the Lair of Beasts
 18243 | Lair:1   | Reached **** piety under Nemelex Xobeh
 18243 | Lair:1   | Noticed a six-headed hydra
 18339 | Lair:1   | Received a gift from Nemelex Xobeh
 18340 | Lair:1   | Noticed a ghost moth
 18340 | Lair:1   | a six-headed hydra changed into a ghost moth
 18360 | Lair:1   | Killed a ghost moth
 18360 | Lair:1   | Reached XP level 13. HP: 59/70 MP: 0/19
 18390 | Lair:1   | Noticed Harold
 18605 | Lair:1   | Killed Harold
 19456 | Lair:1   | Received a gift from Nemelex Xobeh
 20114 | Lair:2   | Received a gift from Nemelex Xobeh
 20132 | Lair:2   | Found a staircase to the Snake Pit.
 20650 | Lair:2   | Reached ***** piety under Nemelex Xobeh
 21480 | Lair:3   | Reached skill level 10 in Fighting
 21569 | Lair:3   | Noticed Nergalle
 21575 | Lair:3   | Killed Nergalle
 21679 | Lair:3   | Received a gift from Nemelex Xobeh
 22645 | Lair:3   | Noticed a fire dragon
 22651 | Lair:3   | Killed a fire dragon
 22675 | Lair:3   | Got a faintly glowing rapier
 22676 | Lair:3   | Identified the +6 rapier of Enwadi {freeze, rPois MP+9}
                  | (You found it on level 3 of the Lair of Beasts)
 23070 | Lair:4   | Received a gift from Nemelex Xobeh
 23331 | Lair:4   | Noticed Josephine
 23567 | Lair:4   | Received a gift from Nemelex Xobeh
 23850 | Lair:4   | Found a staircase to the Swamp.
 23882 | Lair:4   | Reached XP level 14. HP: 74/77 MP: 20/20
 24490 | Lair:4   | Found a staircase to the Swamp.
 24608 | Lair:4   | Killed Josephine
 25134 | Lair:5   | Received a gift from Nemelex Xobeh
 25535 | Lair:5   | Found a dark tunnel.
 25540 | Volcano  | Entered a volcano
 25540 | Volcano  | Received a gift from Nemelex Xobeh
 25844 | Lair:5   | Reached skill level 17 in Dodging
 26400 | Lair:6   | Entered Level 6 of the Lair of Beasts
 26844 | Lair:6   | Mangled by a boulder beetle

Illustrated notes

Levels and vault maps discovered:
D:1:      roderic_chinese_lattice_arrival, layout_loops_corners,
          chequers_serial_rivers_micro_d
D:2:      layout_loops_ring
D:3:      layout_rooms, tso_metal_star
D:4:      layout_loops_ring, kennysheep_little_box, serial_shops, shop,
          uniq_pikel
D:5:      layout_basic, serial_shops, shop
D:6:      layout_loops_ring, minmay_temple_entry_glassed_door,
          serial_bayou_ford_a, palyth_stone_intersect
D:7:      layout_rooms, nicolae_overflow_hidden_temple,
          grunt_temple_overflow_cloverleaf, serial_shops, shop, shop, shop,
          minmay_starry_boxes
D:8:      layout_rooms, slow_altar_2, marbit_many_paths,
          kennysheep_vampire_church, david_lair_generic,
          minmay_guarded_unrand_finisher
D:9:      layout_basic, grunt_gozag_statues, gammafunk_temple_overflow_wave,
          makhleb_altar_promises_db, uniq_psyche
D:10:     layout_basic, serial_ice, serial_ice_a, serial_ice_i, serial_ice_n,
          serial_ice_d, ebering_ghost_rock_garden
D:11:     layout_roguey, gammafunk_ghost_grave
D:12:     layout_cave_pods, orc_0_dummy, hangedman_misty_isle
D:13:     layout_roguey, ximxim_vaults_locker_room,
          gammafunk_ghost_wrathful_warriors
D:14:     layout_loops_ring, nrook_uturn, mikee_hates_you
Temple:   compressed_dpeg_triangle_lava_temple
Lair:1:   layout_hall_layers, grunt_megastairs_2, infiniplex_staircase_pool,
          uniq_harold
Lair:2:   layout_gridlike, guppyfry_snake_entry_garden
Lair:3:   dragon1_lemuel, layout_misc_corridors, lemuel_fruit_fields,
          uniq_nergalle
Lair:4:   layout_regular_city, swamp_mist_pool, uniq_josephine
Lair:5:   layout_loops_ring, enter_volcano_2, chequers_serial_rivers_large_b,
          minivault_24, grunt_forest_small_clearings,
          cheibrodos_lair_reptile_den, lemuel_fruit_tree
Lair:6:   gammafunk_lair_ancient_temple, layout_gridlike, slime_altar_1,
          st_stairs_13

Skill      XL: |  1  2  3  4  5  6  7  8  9 10 11 12 13 14 |
---------------+-------------------------------------------+-----
Stealth        | 6 7 8 10 11 12 | 12.9
Dodging        | 2 7 9 11 14 15 16 17 | 17.1
Short Blades   | 5 7 9 10 | 10.8
Slings         | 2 6 8 10 11 | 11.8
Invocations    | 2 4 5 6 7 8 |  8.2
Fighting       | 2 3 6 8 10 | 10.7
Shields        | 2 4 5 7 |  7.2
Throwing       | |  2.0

Action                   |  1- 3 |  4- 6 |  7- 9 | 10-12 | 13-15 || total
-------------------------+-------+-------+-------+-------+-------++-------
Melee: Dagger            |   184 |       |   367 |  1148 |   768 ||  2467
       Whip              |       |       |    83 |    36 |       ||   119
       Rapier            |       |       |    53 |       |   281 ||   334
       Short sword       |       |       |       |       |   192 ||   192
 Fire: Hunting sling     |       |       |    12 |     2 |   107 ||   121
       Fustibalus        |       |       |       |       |    23 ||    23
Throw: Dart              |    11 |       |    17 |     4 |     1 ||    33
       Stone             |       |       |     7 |    20 |     1 ||    28
       Boomerang         |       |       |       |     5 |       ||     5
Invok: Draw Destruction  |       |       |       |    12 |     1 ||    13
       Draw Escape       |       |       |       |     1 |       ||     1
       Draw Summoning    |       |       |       |       |     1 ||     1
Evoke: Wand              |       |       |       |       |     1 ||     1
  Use: Potion            |       |       |     3 |     1 |     2 ||     6
       Scroll            |       |       |    11 |    13 |     5 ||    29
 Stab: Sleeping          |    11 |       |    16 |    49 |    20 ||    96
       Distracted        |       |       |       |     1 |       ||     1
Armor: Robe              |    27 |       |    15 |    15 |     9 ||    66
Dodge: Dodged            |   145 |       |   298 |   668 |   886 ||  1997
Block: Buckler           |       |       |       |   207 |   352 ||   559

Table legend: (Time is in decaauts)
 A = Elapsed time spent in this place.
 B = Non-inter-level travel time spent in this place.
 C = Inter-level travel time spent in this place.
 D = Time resting spent in this place.
 E = Time spent auto-exploring this place.
 F = Levels seen in this place.
 G = Mean time per level.
                   A        B        C        D        E       F      G
               +--------+--------+--------+--------+--------+-----+--------+
         Total |  19613 |  18689 |    924 |   4547 |   8642 |  22 |  891.5 |
       Dungeon |  13876 |  13156 |    720 |   3702 |   5742 |  14 |  991.1 |
        Temple |    228 |    222 |      6 |      0 |    190 |   1 |  228.0 |
          Lair |   5331 |   5134 |    197 |    830 |   2694 |   6 |  888.5 |
       Volcano |    177 |    177 |      0 |     15 |     13 |   1 |  177.0 |
               +--------+--------+--------+--------+--------+-----+--------+

Top non-repeatable levels by time:
    D:10: 1548 daAuts
    D:11: 1503 daAuts
  Lair:4: 1497 daAuts
     D:7: 1298 daAuts
     D:8: 1229 daAuts
     D:1: 1167 daAuts
    D:12: 1157 daAuts
     D:4: 1144 daAuts
  Lair:1: 1125 daAuts
     D:3: 1044 daAuts
  Lair:5: 956 daAuts
  Lair:3: 944 daAuts
     D:2: 874 daAuts
     D:6: 807 daAuts
     D:5: 744 daAuts
